 Dungeon Crawl Stone Soup version 0.21.0-30-g47ce8e4 (webtiles) character file.

2054 Mirai the Cleaver (level 9, 0/79 HPs)
             Began as a Minotaur Berserker on Jan 28, 2018.
             Was an Elder of Trog.
             Slain by a quasit (3 damage)
             ... on level 7 of the Dungeon.
             The game lasted 00:21:57 (4995 turns).

Mirai the Cleaver (Minotaur Berserker)              Turns: 4995, Time: 00:21:58

Health: 0/79       AC:  2    Str: 26      XL:     9   Next: 5%
Magic:  8/8        EV: 13    Int:  4      God:    Trog [****..]
Gold:   251        SH:  0    Dex:  6 (9)  Spells: 8/8 levels left

rFire    . . .     SeeInvis .   I - +1 battleaxe
rCold    . . .     Gourm    .   (shield currently unavailable)
rNeg     + . .     Faith    .   H - +0 robe (curse)
rPois    .         Spirit   .   (helmet restricted)
rElec    .         Reflect  .   x - scarf {cloud immunity}
rCorr    .         Harm     .   (no gloves)
MR       ++...                  (no boots)
Stlth    +.........             (no amulet)
HPRegen  1.23/turn              k - ring of positive energy
MPRegen  0.11/turn              (no ring)

@: berserk cooldown, regenerating, slowed, very slow
A: retaliatory headbutt, horns 2
a: Berserk, Trog's Hand, Brothers in Arms, Burn Spellbooks, Renounce Religion


You were on level 7 of the Dungeon.
You worshipped Trog.
Trog was greatly pleased with you.
You were very hungry.

You visited 1 branch of the dungeon, and saw 7 of its levels.

You collected 251 gold pieces.

Inventory:

Hand Weapons
 a - a +0 mace
 f - a +0 dagger
 g - a +0 dagger
 h - a +0 hunting sling
 i - a +0 dagger
 j - a cursed +0 club
 m - a +0 club
 o - a +0 short sword
 r - a +0 dagger
 t - a +0 short sword
 z - a +0 whip
 A - a +0 halberd
 B - a +0 whip
 C - a +0 shortbow
 F - a +0 war axe
 I - a +1 battleaxe (weapon)
 J - a +0 whip
 K - a +0 halberd
 N - a cursed +0 war axe
 W - a cursed +4 flail
 X - a +4 mace of freezing
 Y - a +4 war axe
Missiles
 d - 41 bolts
 e - 127 stones
 p - 4 poisoned javelins (quivered)
 L - 62 sling bullets
 T - 44 poisoned needles
 V - 48 arrows
Armour
 x - a scarf of cloud immunity (worn)
 D - a +1 chain mail
 H - a cursed +0 robe (worn)
 P - a cursed +0 robe
 Q - a +0 robe
 R - a +0 ring mail
 Z - a +0 robe
Magical Staves
 O - an uncursed staff of power {unknown}
Jewellery
 k - a ring of positive energy (left hand)
 n - an uncursed ring of positive energy
Wands
 u - a wand of random effects (15)
 y - a wand of digging (10)
 E - a wand of paralysis (11)
 S - a wand of flame (18)
Scrolls
 b - a scroll of blinking
 s - 7 scrolls of teleportation
 v - 9 scrolls of identify
 U - 2 scrolls of enchant armour
Potions
 l - a potion of haste
 w - 2 potions of lignification
 G - a potion of curing
 M - a potion of ambrosia
Books
 q - a book of Changes

   Spells                             Type                      Level
   a - Beastly Appendage              Transmutation                1
   b - Sticks to Snakes               Transmutation                2
   c - Spider Form                    Transmutation/Poison         3
   d - Ice Form                       Ice/Transmutation            4
   e - Blade Hands                    Transmutation                5
   Trog disapproves of the use of such an item.
Comestibles
 c - 11 rations


   Skills:
 + Level 7.3 Fighting
 + Level 10.6 Axes
 + Level 6.1 Armour
 + Level 4.8 Dodging
 - Level 1.0 Stealth


You had 8 spell levels left.
You didn't know any spells.

Dungeon Overview and Level Annotations

Branches:
Dungeon (7/15)             Temple (0/1) D:4

Altars:
Gozag
Hepliaklqana
Kikubaaqudgha
Makhleb
Qazlal
Ru
Sif Muna
Vehumet
Xom

Shops:
D:5 *


Innate Abilities, Weirdness & Mutations

You reflexively headbutt those who attack you in melee.
You have a pair of horns on your head.


Message History

The quasit claws you.
* * * LOW HITPOINT WARNING * * *
You feel clumsy. The quasit claws you.
* * * LOW HITPOINT WARNING * * *
The quasit bites you.
* * * LOW HITPOINT WARNING * * *
The quasit claws you but does no damage. x2
You miss the quasit.
The quasit is heavily wounded.
The quasit bites you.
* * * LOW HITPOINT WARNING * * *
The quasit claws you but does no damage.
The quasit barely misses you. The quasit bites you.
* * * LOW HITPOINT WARNING * * *
You feel clumsy. The quasit closely misses you.
The quasit claws you but does no damage.
The quasit bites you.
You die...

#.# ########.#
########.
#........######..$.....
#.#######..............
#.#####(###### #.# #.#
#.# #%# #.# #.# #.# #@#
#.# #5# #.# #...5....
#..##.#.# #..# #...
##.## .# .#


You could see a quasit.

Vanquished Creatures
  A hippogriff (D:7)
  A sky beast (D:6)
  A black bear (D:6)
  An ice beast (D:6)
  A necrophage (D:7)
  A phantom (D:6)
  4 ogres
  A centaur (D:7)
  2 bullfrogs (D:6)
  A wyvern skeleton (D:6)
  A howler monkey (D:5)
  4 wights (D:6)
  2 crimson imps
  An orc priest (D:7)
  A hound (D:4)
  2 jellies
  6 worker ants
  A killer bee zombie (D:6)
  A hound zombie (D:7)
  A hound skeleton (D:7)
  5 gnolls
  10 adders
  2 shadow imps
  2 oozes
  An adder zombie (D:5)
  3 worms
  2 dart slugs
  5 leopard geckos
  5 orcs
  5 bats
  5 giant cockroaches
  6 hobgoblins
  16 jackals
  5 kobolds
  3 quokkas
  2 ball pythons (D:4)
  8 goblins
  4 rats
  A butterfly (D:2)
124 creatures vanquished.

Notes
Turn   | Place    | Note
-------+----------+-------------------------------------------
     0 | D:1      | Mirai the Minotaur Berserker began the quest for the Orb.
     0 | D:1      | Reached XP level 1. HP: 19/19 MP: 0/0
    56 | D:1      | Reached XP level 2. HP: 20/27 MP: 1/1
   125 | D:1      | Reached skill level 4 in Axes
   477 | D:2      | Reached ** piety under Trog
   477 | D:2      | Reached XP level 3. HP: 32/33 MP: 2/2
   507 | D:2      | Found a shimmering altar of Xom.
   837 | D:2      | Reached XP level 4. HP: 28/41 MP: 3/3
   872 | D:2      | Found a faded altar of an unknown god.
   876 | D:2      | Reached skill level 5 in Axes
  1417 | D:3      | Reached XP level 5. HP: 32/47 MP: 4/4
  1819 | D:3      | Found a hazy altar of Hepliaklqana.
  2099 | D:4      | Found a staircase to the Ecumenical Temple.
  2179 | D:4      | Noticed an ogre
  2184 | D:4      | Reached *** piety under Trog
  2185 | D:4      | Killed an ogre
  2185 | D:4      | Reached skill level 5 in Fighting
  2185 | D:4      | Reached skill level 6 in Axes
  2185 | D:4      | Reached XP level 6. HP: 56/56 MP: 5/5
  2211 | D:4      | Found a sacrificial altar of Ru.
  2279 | D:4      | Reached skill level 1 in Stealth
  2429 | D:4      | Reached skill level 7 in Axes
  2468 | D:4      | Found a burning altar of Makhleb.
  2607 | D:4      | Found a stormy altar of Qazlal.
  2925 | D:5      | Entered Level 5 of the Dungeon
  2945 | D:5      | Found a sacrificial altar of Ru.
  2985 | D:5      | Reached XP level 7. HP: 61/61 MP: 6/6
  3096 | D:5      | Found Gozag's Platinum Reserve.
  3099 | D:5      | Found an opulent altar of Gozag.
  3318 | D:5      | Found a deep blue altar of Sif Muna.
  3318 | D:5      | Found an ancient bone altar of Kikubaaqudgha.
  3320 | D:5      | Found a radiant altar of Vehumet.
  3325 | D:5      | Identified Vehumet's Papyrus of Attacks
  3783 | D:6      | Reached skill level 8 in Axes
  4083 | D:6      | Reached XP level 8. HP: 49/70 MP: 7/7
  4228 | D:6      | Reached skill level 9 in Axes
  4228 | D:6      | Reached skill level 5 in Armour
  4361 | D:6      | Reached **** piety under Trog
  4787 | D:7      | Reached skill level 10 in Axes
  4973 | D:7      | Noticed a hippogriff
  4981 | D:7      | Killed a hippogriff
  4981 | D:7      | Reached XP level 9. HP: 24/79 MP: 8/8
  4995 | D:7      | HP: 3/79 [quasit (2)]
  4995 | D:7      | Slain by a quasit

Skill      XL: |  1  2  3  4  5  6  7  8 |
---------------+-------------------------+-----
Fighting       | 4 5 6 7 |  7.3
Axes           | 4 5 6 7 8 10 | 10.6
Dodging        | 3 4 |  4.8
Armour         | 3 4 6 |  6.1
Stealth        | 1 |  1.0

Action                   |  1- 3 |  4- 6 |  7- 9 || total
-------------------------+-------+-------+-------++-------
Melee: Hand axe          |    69 |    63 |       ||   132
       Headbutt          |     8 |    14 |    30 ||    52
       Battleaxe         |       |    47 |   133 ||   180
Invok: Burn Spellbooks   |       |     1 |     1 ||     2
       Berserk           |       |       |     3 ||     3
       Trog's Hand       |       |       |     1 ||     1
  Use: Scroll            |       |     9 |     4 ||    13
       Potion            |       |     1 |     4 ||     5
 Stab: Sleeping          |     1 |       |       ||     1
  Eat: Chunk             |       |     6 |     2 ||     8
       Ration            |       |       |     2 ||     2
Armor: Animal skin       |    11 |     7 |       ||    18
       Robe              |       |     1 |    18 ||    19
       Chain mail        |       |    23 |    33 ||    56
Dodge: Dodged            |    47 |    64 |    98 ||   209
